 Dungeon Crawl Stone Soup version 0.27-a0-1359-ga2a4dfd6fd (webtiles) character file.

Game seed: 13172264606300349893

1022 bilbop the Caller (level 8, -9/45 HPs)
             Began as a Deep Elf Summoner on June 28, 2021.
             Shot with an arrow by a centaur (13 damage)
             ... on level 7 of the Dungeon.
             The game lasted 00:55:49 (9003 turns).

bilbop the Caller (Deep Elf Summoner)               Turns: 9003, Time: 00:55:50

Health: -9/45      AC:  3    Str:  5    XL:     8   Next: 2%
Magic:  16/18      EV: 14    Int: 22    God:
Gold:   293        SH:  0    Dex: 16    Spells: 12/18 levels left

rFire    + . .     SeeInvis .   a - +1 dagger
rCold    . . .     Faith    .   (no shield)
rNeg     . . .     Spirit   .   b - +0 robe
rPois    .         Reflect  .   q - +0 helmet
rElec    .         Harm     .   (no cloak)
rCorr    .         Rampage  .   (no gloves)
Will     .....                  (no boots)
Stlth    +++.......             (no amulet)
HPRegen  0.15/turn              f - ring of protection from fire
MPRegen  0.16/turn              (no ring)

@: brilliant, lethally poisoned (-9 -> -14)
A: no striking features
a: no special abilities


You were on level 7 of the Dungeon.
You visited 1 branch of the dungeon, and saw 7 of its levels.

You collected 293 gold pieces.

Inventory:

Hand Weapons
 a - a +1 dagger (weapon)
 d - a +0 short sword of venom
Armour
 b - a +0 robe (worn)
 q - a +0 helmet (worn)
Jewellery
 f - a ring of protection from fire (left hand)
Wands
 l - a wand of digging (4)
Scrolls
 h - a scroll of fog
 i - 2 scrolls of teleportation
 j - a scroll of magic mapping
 p - a scroll of brand weapon {unknown}
Potions
 c - a potion of degeneration {unknown}
 e - a potion of invisibility {unknown}
 g - 3 potions of mutation
 k - 2 potions of flight {unknown}
 m - a potion of lignification {unknown}
 n - a potion of might {unknown}
 o - a potion of brilliance
 r - a potion of attraction {unknown}


   Skills:
 + Level 2.9 Fighting
 + Level 3.4 Short Blades
 + Level 5.0 Dodging
 + Level 5.4 Stealth
 - Level 1.0 Shields
 + Level 5.6 Spellcasting
 + Level 5.9 Summonings


You had 12 spell levels left.
You knew the following spells:

 Your Spells              Type           Power      Damage    Failure   Level
a - Summon Small Mammal   Summ           100%       N/A       1%          1
b - Call Imp              Summ           48%        N/A       1%          2
c - Call Canine Familiar  Summ           48%        N/A       2%          3

Your spell library contained the following spells:

 Spells                   Type           Power      Damage    Failure   Level
 Summon Guardian Golem    Hex/Summ       28%        N/A       9%          3
 Freeze                   Ice            36%        1d6       10%         1
 Magic Dart               Conj           36%        1d4       10%         1
 Blink                    Tloc           N/A        N/A       14%         2
 Slow                     Hex            9%         N/A       14%         2
 Conjure Flame            Conj/Fire      9%         6-21      28%         3
 Frozen Ramparts          Ice            18%        1d3       28%         3
 Mephitic Cloud           Conj/Pois/Air  9%         N/A       28%         3
 Ozocubu's Armour         Ice            9%         N/A       28%         3
 Summon Ice Beast         Ice/Summ       28%        N/A       28%         4
 Summon Lightning Spire   Summ/Air       28%        N/A       28%         4
 Hailstorm                Conj/Ice       9%         3d4       67%         4
 Metabolic Englaciation   Hex/Ice        4%         N/A       95%         5


Dungeon Overview and Level Annotations

Branches:
Dungeon (7/15)
 Temple: D:4-7

Altars:
Elyvilon
Gozag
Okawaru
Trog
Wu Jian
Xom
The Shining One

Annotations:
D:3 1 runed translucent door, Crazy Yiuf


Message History

Your shadow imp dies!
Your hound closely misses the kobold brigand.
The kobold brigand hits your hound with a +0 club.
The kobold hits your hound with a +0 dagger.
The orc closely misses your crimson imp.
You are too injured to fight recklessly!
Casting: Call Canine Familiar (dangerous; 2% risk of failure)
Confirm with . or Enter, or press ? or * to list all spells.
* * * LOW HITPOINT WARNING * * *
You feel very sick.
Your hound barely misses the kobold.
The orc priest looks satisfied for a moment.
The kobold brigand completely misses your hound.
The kobold hits your hound with a +0 dagger.
Your crimson imp hits the orc priest.
The orc hits your crimson imp with a +0 hand axe.
Your hound barely misses the kobold.
* * * LOW HITPOINT WARNING * * *
You feel sick.
The centaur unwields a +0 shortbow.
The centaur wields a +0 dagger.
The centaur hits something with a +0 dagger!
The centaur kicks something.
The orc priest misses your hound.
Your hound barely misses the kobold.
The kobold brigand hits your hound with a +0 club.
Your hound dies!
Your hound's corpse disappears in a puff of smoke!
* * * LOW HITPOINT WARNING * * *
You feel sick.
The centaur unwields a +0 dagger.
The centaur wields a +0 shortbow.
The centaur shoots an arrow.
The arrow misses your crimson imp. The arrow hits you.
* * * LOW HITPOINT WARNING * * *
You hear a shout!
* * * LOW HITPOINT WARNING * * *
You feel sick.
The centaur shoots an arrow.
The arrow hits your crimson imp!
Your crimson imp dies!
It was a potion of brilliance.
You feel clever all of a sudden.
* * * LOW HITPOINT WARNING * * *
You feel sick.
The centaur shoots an arrow.
The arrow hits you!
You die...

.#.... # #........#.#.##..
..... ##########.#...###.
.###... #.##.....#.###.###.
....... #.##.....#.# #.....
#..oK####........#.###..###
#...oKKb.........#......###
#..c######.......#####.....
.....#......b...'...####...##
#... #.#####@...######.......
... #.....'............ ..
#.....#.####.#..... .
#.###.#..# #.##....
#.######.# #.......
#......#.# ###.....
######.#.# ##.... #.#....#.#
#.... #.#.####.# ######


You could see a centaur and a friendly bat (summoned).

Vanquished Creatures
  A black bear (D:4)
  A necrophage (D:7)
  A gnoll (D:5)
  A shadow imp (D:6)
  A worm (D:2)
  An orc (D:4)
  An endoplasm (D:3)
  A goblin (D:4)
  4 hobgoblins
  A jackal (D:1)
  3 kobolds (D:1)
  A quokka (D:4)
  3 ball pythons
  2 rats
22 creatures vanquished.

Vanquished Creatures (collateral kills)
  Grinder (D:3)
  Eustachio (D:4)
  3 sky beasts
  2 necrophages (D:5)
  A phantom (D:4)
  A scorpion (D:4)
  A water moccasin skeleton (D:5)
  A bullfrog zombie (D:5)
  2 orc priests (D:4)
  Ijyb (D:4)
  Natasha (thrice) (D:5)
  2 iguanas (D:5)
  4 orc wizards
  7 gnolls
  8 adders
  A nameless horror (D:5)
  An ufetubus (D:5)
  A dart slug (D:2)
  21 orcs
  3 bats
  6 endoplasms
  3 giant cockroaches
  5 goblins
  7 hobgoblins
  9 jackals (D:1)
  2 quokkas
  5 ball pythons
  2 frilled lizards
  5 kobolds
  4 rats
113 creatures vanquished.

Vanquished Creatures (others)
  5 dream sheep (D:3)
5 creatures vanquished.

Grand Total: 140 creatures vanquished

Notes
Turn   | Place    | Note
-------+----------+-------------------------------------------
     0 | D:1      | bilbop the Deep Elf Summoner began the quest for the Orb.
     0 | D:1      | Reached XP level 1. HP: 10/10 MP: 6/6
   238 | D:1      | Reached XP level 2. HP: 16/16 MP: 5/8
   912 | D:1      | Reached XP level 3. HP: 8/20 MP: 6/9
  1672 | D:2      | Learned a level 2 spell: Call Imp
  1725 | D:2      | Found a glowing golden altar of the Shining One.
  1750 | D:2      | Reached skill level 1 in Short Blades
  1900 | D:2      | Upgraded the game from 0.27-a0-1347-gd8886f0a89 to
                  | 0.27-a0-1359-ga2a4dfd6fd
  1958 | D:2      | Reached skill level 1 in Fighting
  2686 | D:3      | Noticed Grinder
  2805 | D:3      | Found a runed translucent door.
  2806 | D:3      | Noticed Crazy Yiuf
  2903 | D:3      | Found an iron altar of Okawaru.
  2903 | D:3      | Found a white marble altar of Elyvilon.
  2911 | D:3      | Reached XP level 4. HP: 25/25 MP: 8/11
  2933 | D:3      | Found a bloodstained altar of Trog.
  3033 | D:3      | Noticed a dream sheep
  3033 | D:3      | Noticed a dream sheep
  3033 | D:3      | Noticed a dream sheep
  3033 | D:3      | Noticed a dream sheep
  3033 | D:3      | Noticed a dream sheep
  3033 | D:3      | Found a shimmering altar of Xom.
  3038 | D:3      | Killed a dream sheep
  3038 | D:3      | Killed a dream sheep
  3038 | D:3      | Killed a dream sheep
  3038 | D:3      | Killed a dream sheep
  3039 | D:3      | Killed a dream sheep
  3132 | D:3      | Learned a level 3 spell: Call Canine Familiar
  3158 | D:3      | Killed Grinder
  3159 | D:3      | Reached XP level 5. HP: 21/29 MP: 2/13
  3347 | D:3      | Found an ornate altar of the Wu Jian Council.
  3348 | D:3      | Found an opulent altar of Gozag.
  3662 | D:4      | Noticed Ijyb
  3675 | D:4      | Reached skill level 5 in Summonings
  3689 | D:4      | Killed Ijyb
  4117 | D:4      | Noticed a phantom
  4126 | D:4      | Noticed Natasha
  4374 | D:4      | Noticed a black bear
  4409 | D:4      | Killed a black bear
  4410 | D:4      | Reached XP level 6. HP: 35/35 MP: 0/14
  5363 | D:4      | Noticed Eustachio
  5409 | D:4      | HP: 1/35 [Eustachio (8)]
  5804 | D:4      | Killed Eustachio
  6716 | D:5      | Entered Level 5 of the Dungeon
  6767 | D:5      | Killed Natasha
  6894 | D:5      | Noticed Natasha
  6907 | D:5      | Killed Natasha
  7035 | D:5      | Noticed Natasha
  7050 | D:5      | Killed Natasha
  7051 | D:5      | Reached XP level 7. HP: 40/40 MP: 9/16
  7255 | D:5      | Reached skill level 5 in Spellcasting
  7529 | D:5      | Identified the +0 plate armour "Osozeloi" {rC+}
  7902 | D:5      | Reached skill level 5 in Stealth
  8250 | D:6      | Reached skill level 1 in Shields
  8916 | D:7      | Reached skill level 5 in Dodging
  8916 | D:7      | Reached XP level 8. HP: 37/45 MP: 9/18
  9003 | D:7      | Shot with an arrow by a centaur

Illustrated notes

Levels and vault maps discovered:
D:1:      psy_arrival_radial02, layout_loops_ring, minmay_tromino_v4_b
D:2:      layout_rooms, basic_altar
D:3:      layout_loops_ring, nicolae_overflow_hidden_temple,
          kb_xom_exploding_sheep, uniq_crazy_yiuf_cottage, uniq_grinder
D:4:      layout_basic, kennysheep_generic_room_5, uniq_eustachio, uniq_natasha,
          uniq_ijyb
D:5:      layout_basic, minmay_holes
D:6:      layout_loops_corners, amcnicky_mini_pool_medium, uniq_duvessa
D:7:      hangedman_cross_stitches, layout_basic,
          minmay_temple_entry_statues_fountains, serial_co_window_serial,
          co_window_of_opportunity_a, co_window_of_opportunity_a,
          co_window_paths_b, co_window_corner_a, co_window_paths_a,
          co_window_corner_a, co_window_cross_1, co_window_corner_b,
          co_window_corner_b, co_window_corner_cb, co_window_corner_b,
          co_window_sun, co_window_4corner_a, glass_columns_b, glass_columns_b,
          uniq_prince_ribbit1, uniq_joseph

Skill      XL: |  1  2  3  4  5  6  7 |
---------------+----------------------+-----
Short Blades   | 1 2 3 |  3.4
Stealth        | 3 4 5 |  5.4
Fighting       | 1 2 |  2.9
Dodging        | 3 4 5 |  5.0
Spellcasting   | 4 5 |  5.6
Summonings     | 5 |  5.9
Shields        | 1 |  1.0

Action                   |  1- 3 |  4- 6 |  7- 9 || total
-------------------------+-------+-------+-------++-------
Melee: Dagger            |    35 |    58 |    21 ||   114
 Cast: Summon Small Mamm |    57 |       |     2 ||    59
       Call Imp          |    21 |    43 |    29 ||    93
       Call Canine Famil |       |    26 |    17 ||    43
  Use: Scroll            |       |     7 |       ||     7
       Potion            |       |       |     1 ||     1
 Stab: Sleeping          |     9 |     5 |     3 ||    17
       Distracted        |     1 |     1 |     1 ||     3
Armor: Robe              |    12 |     5 |     5 ||    22
Dodge: Dodged            |    25 |    54 |    21 ||   100

Table legend: (Time is in decaauts)
 A = Elapsed time spent in this place.
 B = Non-inter-level travel time spent in this place.
 C = Inter-level travel time spent in this place.
 D = Time resting spent in this place.
 E = Time spent auto-exploring this place.
 F = Levels seen in this place.
 G = Mean time per level.
                   A        B        C        D        E       F      G
               +--------+--------+--------+--------+--------+-----+--------+
         Total |   8993 |   8342 |    651 |   1045 |   5843 |   7 | 1284.7 |
       Dungeon |   8993 |   8342 |    651 |   1045 |   5843 |   7 | 1284.7 |
               +--------+--------+--------+--------+--------+-----+--------+

Top non-repeatable levels by time:
     D:4: 2431 daAuts
     D:3: 1874 daAuts
     D:1: 1651 daAuts
     D:5: 1300 daAuts
     D:2: 754 daAuts
     D:7: 606 daAuts
     D:6: 375 daAuts
